 Dungeon Crawl Stone Soup version 0.17.1-3-g152610e (webtiles) character file.

1330 Goblin1989 the Spear-Bearer (level 8, -2/56 HPs)
             Began as a Demonspawn Gladiator on May 2, 2016.
             Slain by a sky beast (6 damage)
             ... on level 5 of the Dungeon.
             The game lasted 00:07:43 (4248 turns).

Goblin1989 the Spear-Bearer (Demonspawn Gladiator)  Turns: 4248, Time: 00:07:43

Health: -2/56      AC:  8    Str: 18    XL:     8   Next: 34%
Magic:  8/8        EV: 11    Int: 10    God:
Gold:   242        SH:  0    Dex: 13    Spells: 0 memorised, 7 levels left

rFire  . . .     SeeInvis .     a - +0 trident
rCold  . . .     Clarity  .     e - +0 ring mail
rNeg   + . .     SustAt   .     (no shield)
rPois  +         Gourm    .     (helmet restricted)
rElec  .         Spirit   .     m - +0 cloak (curse)
rCorr  .         Warding  .     (no gloves)
rMut   .         Stasis   .     (no boots)
MR     .....                    (no amulet)
Stlth  +.........               j - ring of poison resistance
                                f - ring of positive energy

@: not resistant to hostile enchantments, very unstealthy
A: antennae 2, thin metallic scales 1, spiny 1
a: no special abilities


You were on level 5 of the Dungeon.
You were hungry.

You visited 1 branch of the dungeon, and saw 5 of its levels.

You collected 242 gold pieces.

Inventory:

Hand Weapons
 a - a +0 trident (weapon)
Missiles
 d - 3 throwing nets (quivered)
Armour
 e - a +0 ring mail (worn)
 m - a cursed +0 cloak (worn)
Jewellery
 f - a ring of positive energy (left hand)
 j - a ring of poison resistance (right hand)
 y - a cursed ring of teleportation {unknown}
Scrolls
 g - a scroll of random uselessness {unknown}
 h - 11 scrolls of identify {unknown}
 k - 2 scrolls of remove curse {unknown}
 n - a scroll of blinking {unknown}
 o - a scroll of magic mapping {unknown}
 p - 3 scrolls of teleportation {unknown}
 s - 2 scrolls of fear {unknown}
 t - a scroll of recharging {unknown}
 u - a scroll of enchant armour {unknown}
 w - a scroll of amnesia {unknown}
Potions
 b - a potion of cure mutation {unknown}
 c - a potion of degeneration {unknown}
 i - a potion of haste {unknown}
 r - a potion of curing {unknown}
 x - a potion of might {unknown}
 z - a potion of berserk rage {unknown}
Comestibles
 l - 3 bread rations
 q - 2 meat rations
 v - a slice of pizza


   Skills:
 - Level 2.0 Fighting
 * Level 9.8 Polearms
 - Level 1.7 Throwing
 - Level 2.6 Dodging


You had 7 spell levels left.
You didn't know any spells.

Dungeon Overview and Level Annotations

Branches:
Dungeon (5/15)
 Temple: D:4-7

Altars:
Nemelex Xobeh
Xom
The Shining One


Innate Abilities, Weirdness & Mutations

You have a pair of antennae on your head.
You are partially covered in thin metallic scales (AC +2).
You are partially covered in sharp spines.


Message History

You are too injured to fight recklessly!
You are too injured to fight recklessly!
You miss something. Something hits you.
* * * LOW HITPOINT WARNING * * *
Something shocks you.
* * * LOW HITPOINT WARNING * * *
You take 7 damage, and have 2/56 hp.
The crimson imp blinks!
You miss something.
Drink which item? (? for menu, Esc to quit)
Okay, then.
Your ring mail prevents you from hitting something.
Something hits you but does no damage.
You barely miss something. Something hits you but does no damage.
A sky beast appears from thin air!
Reactivating autopickup.
You closely miss the sky beast. The sky beast hits you.
* * * LOW HITPOINT WARNING * * *
The sky beast shocks you.
You die...

#.#.######## #.#.#.....#
###.#....#######.#.#.....#
....)...............)....+
###.#).###########.#.....#
...#<.#.........#.#.....#
#...#).#.#######.#.#.....#
#...##.#.## #...#.....#
#..>......# #...........
##........# #@#.#######.
#........## #Y#.#
#......#..#####.#+###
#######...5{o.o.†...#
#.#.#####.....# #.#..#
#.....# #.##.## #.....#
#..# #......# ##o#
#......#


You could see a sky beast and an orc.

Vanquished Creatures
  5 ogres
  A phantom (D:5)
  A centaur (D:5)
  A wyvern zombie (D:3)
  A water moccasin skeleton (D:5)
  A scorpion (D:5)
  2 crimson imps (D:5)
  A centaur skeleton (D:5)
  An iguana (D:4)
  2 orc priests
  An orc wizard (D:4)
  4 worker ants
  Robin (D:2)
  4 gnolls (D:5)
  12 adders
  2 oozes (D:1)
  An adder skeleton (D:4)
  3 worms
  2 giant geckos (D:2)
  12 orcs
  2 ball pythons (D:2)
  6 bats
  5 giant cockroaches
  14 hobgoblins
  14 jackals
  2 quokkas (D:3)
  4 giant newts
  10 goblins
  3 kobolds
  5 rats
123 creatures vanquished.

Notes
Turn   | Place    | Note
--------------------------------------------------------------
     0 | D:1      | Goblin1989 the Demonspawn Gladiator began the quest for the Orb.
     0 | D:1      | Reached XP level 1. HP: 16/16 MP: 1/1
   120 | D:1      | Reached skill level 3 in Polearms
   182 | D:1      | Gained mutation: You are partially covered in thin metallic scales (AC +2). [demonic ancestry]
   182 | D:1      | Reached XP level 2. HP: 16/22 MP: 2/2
   252 | D:1      | Found a shimmering altar of Xom.
   523 | D:1      | Gained mutation: You have a pair of small antennae on your head. [demonic ancestry]
   523 | D:1      | Reached XP level 3. HP: 27/27 MP: 3/3
   557 | D:2      | Noticed Robin
   854 | D:1      | Reached skill level 4 in Polearms
   993 | D:2      | Killed Robin
   993 | D:2      | Reached XP level 4. HP: 12/33 MP: 4/4
  1339 | D:2      | Found a glowing golden altar of the Shining One.
  1389 | D:2      | Found a shimmering altar of Xom.
  1389 | D:2      | Found a sparkling altar of Nemelex Xobeh.
  1542 | D:2      | Reached skill level 5 in Polearms
  1872 | D:3      | Gained mutation: You are partially covered in sharp spines. [demonic ancestry]
  1872 | D:3      | Reached XP level 5. HP: 33/38 MP: 5/5
  1991 | D:3      | Reached skill level 6 in Polearms
  2652 | D:4      | Reached XP level 6. HP: 44/44 MP: 6/6
  2811 | D:4      | Noticed an ogre
  2818 | D:4      | Killed an ogre
  2905 | D:4      | Reached skill level 7 in Polearms
  3286 | D:4      | Noticed an ogre
  3293 | D:4      | Killed an ogre
  3293 | D:4      | Gained mutation: You have a pair of antennae on your head. [demonic ancestry]
  3293 | D:4      | Reached XP level 7. HP: 50/50 MP: 7/7
  3646 | D:4      | Noticed an ogre
  3646 | D:4      | Noticed an ogre
  3653 | D:4      | Killed an ogre
  3653 | D:4      | Reached skill level 8 in Polearms
  3660 | D:4      | Killed an ogre
  3839 | D:5      | Entered Level 5 of the Dungeon
  4064 | D:5      | Reached skill level 9 in Polearms
  4064 | D:5      | Reached XP level 8. HP: 25/56 MP: 8/8
  4232 | D:5      | HP: 2/56 [something (6)]
  4248 | D:5      | Slain by a sky beast

Action                   |  1- 3 |  4- 6 |  7- 9 || total
-------------------------+-------+-------+-------++-------
Melee: Trident           |   122 |   225 |   110 ||   457
  Eat: Chunk             |       |     3 |     3 ||     6
       Bread ration      |       |     1 |       ||     1
